 Dungeon Crawl Stone Soup version 0.22.1-2-g9c5b331 (webtiles) character file.

4955 Malhgor the Destroyer (level 10, -13/84 HPs)
             Began as a Grey Draconian Conjurer on Dec 22, 2018.
             Was a Follower of Sif Muna.
             Mangled by a death yak (22 damage)
             ... on level 7 of the Dungeon.
             The game lasted 00:59:31 (14097 turns).

Malhgor the Destroyer (Grey Draconian Conjurer)    Turns: 14097, Time: 00:59:31

Health: -13/84     AC: 12    Str: 15    XL:     10   Next: 28%
Magic:  1/15       EV: 17    Int: 18    God:    Sif Muna [*.....]
Gold:   517        SH:  0    Dex: 13    Spells: 3/15 levels left

rFire    . . .     SeeInvis .   F - +1 whip (flame)
rCold    . . .     Gourm    .   (no shield)
rNeg     . . .     Faith    .   (armour unavailable)
rPois    .         Spirit   .   (helmet restricted)
rElec    .         Reflect  .   (no cloak)
rCorr    .         Harm     .   (no gloves)
MR       .....                  (no boots)
Stlth    ++........             D - amulet of regeneration
HPRegen  0.64/turn              e - +3 ring of evasion
MPRegen  0.14/turn              j - +5 ring of strength

@: no status effects
A: walk through water, unfitting armour, unbreathing, cold-blooded, AC +12
a: Divine Energy, Renounce Religion


You were on level 7 of the Dungeon.
You worshipped Sif Muna.
Sif Muna was aware of your devotion.
You were very hungry.

You visited 2 branches of the dungeon, and saw 11 of its levels.

You collected 517 gold pieces.

Inventory:

Hand Weapons
 F - a +1 whip of flaming (weapon)
Missiles
 f - 296 stones (quivered)
Jewellery
 e - a +3 ring of evasion (left hand)
 j - a +5 ring of strength (right hand)
 o - an uncursed amulet of rage {unknown}
 D - an amulet of regeneration (around neck)
Wands
 a - a wand of disintegration (11)
 t - a wand of enslavement (16)
 x - a wand of digging (7)
 B - a wand of iceblast (5)
 H - a wand of scattershot (5)
 J - a wand of flame (14)
Scrolls
 k - 2 scrolls of random uselessness
 n - 3 scrolls of identify
 q - 4 scrolls of remove curse
 s - 3 scrolls of teleportation
 y - a scroll of magic mapping {unknown}
 C - 2 scrolls of blinking
Potions
 c - 4 potions of agility
 d - 3 potions of magic
 g - 2 potions of heal wounds
 h - 2 potions of might {unknown}
 i - 2 potions of cancellation {unknown}
 l - 2 potions of curing {unknown}
 m - a potion of haste {unknown}
 p - 2 potions of resistance {unknown}
 u - 2 potions of invisibility {unknown}
 v - a potion of degeneration {unknown}
 z - 3 potions of brilliance
 A - a potion of flight {unknown}
 I - a potion of lignification {unknown}
Miscellaneous
 w - a lightning rod (3/4)
Comestibles
 b - 13 rations


   Skills:
 + Level 6.7 Fighting
 - Level 5.0 Dodging
 - Level 1.7 Stealth
 + Level 3.4 Spellcasting
 * Level 10.9 Conjurations
 - Level 3.1 Hexes
 - Level 3.2 Translocations
 - Level 5.0 Evocations


You had 3 spell levels left.
You knew the following spells:

 Your Spells              Type           Power        Failure   Level  Hunger
a - Magic Dart            Conj           ####         1%          1    None
b - Dazzling Spray        Conj/Hex       ####..       2%          3    ###....
c - Iskenderun's Mystic   Conj           #####...     1%          4    ####...
d - Force Lance           Conj/Tloc      ####....     9%          4    ####...

Your spell library contained the following spells:

 Spells                   Type           Power        Failure   Level  Hunger
 Searing Ray              Conj           #####.       1%          2    ##.....
 Fulminant Prism          Conj/Hex       ####......   9%          4    ####...
 Irradiate                Conj/Tmut      ###.......   43%         5    ######.
 Hydra Form               Tmut           #.........   100%        6    #######
 Statue Form              Tmut/Erth      #........    100%        6    #######
 Dragon Form              Tmut           #.........   100%        7    #######


Dungeon Overview and Level Annotations

Branches:
Dungeon (10/15)            Temple (1/1) D:7            Lair (0/6) D:8
    Orc: D:9-12

Altars:
Ashenzari
Cheibriados
Dithmenos
Elyvilon
Fedhas
Gozag
Hepliaklqana
Kikubaaqudgha
Makhleb
Nemelex Xobeh
Okawaru
Qazlal
Ru
Sif Muna
Trog
Uskayaw
Vehumet
Wu Jian
Xom
Yredelemnul
Zin
The Shining One

Shops:
D:10 (

Annotations:
D:1 Done
D:2 Done
D:3 Done
D:4 Done
D:5 Done
D:6 Done
D:7 Done
D:8 Done
D:9 2 runed doors


Innate Abilities, Weirdness & Mutations

You can walk through water.
Your dull iron-grey scales are very hard. (AC +12)
You cannot fit into any form of body armour.
You can survive without breathing.
You are cold-blooded and may be slowed by cold attacks.


Message History

Press: ? - help, Shift-Dir - straight line, f/p - death yak
Aim: a death yak (heavily wounded)
The magic dart hits the death yak.
The death yak is heavily wounded.
The death yak gores you!
You hit the death yak. You burn the death yak. You tail-slap the death yak.
The death yak is severely wounded.
The death yak gores you! The death yak gores you!!
* * * LOW HITPOINT WARNING * * *
You hit the death yak but do no damage.
Your tail-slap misses the death yak.
The death yak is heavily wounded.
The death yak gores you!
* * * LOW HITPOINT WARNING * * *
You hit the death yak. You burn the death yak.
Your tail-slap misses the death yak.
The death yak is severely wounded.
The death yak gores you.
* * * LOW HITPOINT WARNING * * *
The death yak gores you!!
You die...

#.##...##.#.##ยง# #.#
#.##...##[#.##.######.##
#.....###.#.##.5........
#.###.# #.#.#####.....##
#.###.###.#.#####.#####
#.##............#.######
####.........#.#...........
#........Y>.[....#.#.######
#..#.##>.#@###.#.#.#.######
#........#.###.#.#......<..
#..#.##.##.##....###.######
#..#.##.##.#.#.#.# #.######
#..#.##.##..>....# #.......
#..#.##.####.#.#.# ########
#..#.##.#####....#
#....##........#.#
#..#.########..#.#


You could see a death yak.

Vanquished Creatures
  A death yak (D:7)
  Pikel (D:6)
  3 hippogriffs
  A hungry ghost (D:8)
  A water moccasin (D:8)
  2 porcupines
  A slave (D:6)
  3 orc warriors
  2 ice beasts
  2 phantoms
  2 sky beasts (D:7)
  2 centaurs
  3 ogres
  2 bullfrogs (D:8)
  5 howler monkeys
  3 wights
  5 crimson imps
  A bullfrog zombie (D:5)
  2 hounds
  A gnoll shaman (D:5)
  A quasit (D:7)
  A centaur skeleton (D:8)
  An orc priest (D:4)
  An orc wizard (D:4)
  Terence (D:2)
  6 worker ants
  A killer bee zombie (D:8)
  A hound skeleton (D:4)
  A howler monkey zombie (D:5)
  A howler monkey skeleton (D:6)
  5 adders
  46 gnolls
  A river rat (D:7)
  4 shadow imps
  An adder zombie (D:8)
  An adder skeleton (D:5)
  2 worms (D:2)
  A dart slug (D:1)
  2 leopard geckos
  16 orcs
  2 giant cockroaches
  8 goblins
  5 hobgoblins
  16 jackals
  5 quokkas
  5 bats
  7 frilled lizards
  4 kobolds
  A leopard gecko skeleton (D:6)
  A leopard gecko zombie (D:7)
  11 rats
202 creatures vanquished.

Vanquished Creatures (others)
  2 slaves (D:7)
  A phantom (D:7)
  An adder skeleton (D:7)
  3 orcs (D:7)
7 creatures vanquished.

Grand Total: 209 creatures vanquished

Notes
Turn   | Place    | Note
-------+----------+-------------------------------------------
     0 | D:1      | Malhgor the Draconian Conjurer began the quest for the Orb.
     0 | D:1      | Reached XP level 1. HP: 14/14 MP: 3/3
   304 | D:2      | Reached XP level 2. HP: 20/20 MP: 0/5
   640 | D:1      | You fall through a shaft!
  1231 | D:2      | You fall through a shaft!
  1294 | D:2      | Noticed Terence
  1304 | D:2      | Reached XP level 3. HP: 26/26 MP: 2/6
  1309 | D:2      | Learned a level 3 spell: Dazzling Spray
  1498 | D:2      | Killed Terence
  1498 | D:2      | Reached skill level 5 in Conjurations
  1650 | D:2      | Reached XP level 4. HP: 19/33 MP: 0/8
  1731 | D:2      | Learned a level 4 spell: Iskenderun's Mystic Blast
  1745 | D:2      | Found a basalt altar of Yredelemnul.
  2526 | D:2      | Found a glowing golden altar of the Shining One.
  2851 | D:3      | Noticed a hippogriff
  2881 | D:3      | Killed a hippogriff
  2881 | D:3      | Reached skill level 7 in Conjurations
  2881 | D:3      | Reached XP level 5. HP: 8/38 MP: 0/9
  2881 | D:3      | Reached XP level 6. HP: 9/45 MP: 0/10
  3706 | D:4      | Reached skill level 1 in Hexes
  4011 | D:5      | Entered Level 5 of the Dungeon
  4118 | D:4      | You fall through a shaft!
  4477 | D:4      | Your scales start taking on a dull iron-grey colour.
  4477 | D:4      | Reached XP level 7. HP: 23/50 MP: 3/11
  4477 | D:4      | Gained mutation: You can survive without breathing. [Grey
                  | Draconian growth]
  4708 | D:5      | Reached skill level 8 in Conjurations
  6197 | D:5      | Reached skill level 9 in Conjurations
  6283 | D:5      | Reached XP level 8. HP: 38/57 MP: 0/12
  7808 | D:6      | Reached skill level 10 in Conjurations
  7884 | D:7      | Reached skill level 1 in Fighting
  7884 | D:7      | Reached skill level 1 in Evocations
  9238 | D:7      | Noticed Pikel
  9399 | D:6      | Killed Pikel
  9399 | D:6      | Reached XP level 9. HP: 39/71 MP: 0/13
  9960 | D:7      | HP: 1/72 [something (6)]
 10558 | D:7      | Found a staircase to the Ecumenical Temple.
 10600 | D:6      | Reached skill level 5 in Fighting
 10724 | Temple   | Entered the Ecumenical Temple
 11119 | Temple   | Became a worshipper of Sif Muna the Loreminder
 11155 | D:7      | Learned a level 4 spell: Force Lance
 11293 | D:7      | Reached skill level 1 in Translocations
 11522 | D:8      | Reached skill level 5 in Evocations
 11529 | D:8      | Noticed a death yak
 11530 | D:8      | Found a staircase to the Lair.
 11530 | D:8      | Noticed a death yak
 11773 | D:8      | Reached skill level 5 in Dodging
 12215 | D:8      | Noticed a death yak
 12789 | D:7      | Killed a death yak
 12789 | D:7      | Reached XP level 10. HP: 17/84 MP: 2/14
 12911 | D:9      | Found a radiant altar of Vehumet.
 12911 | D:9      | Found a blossoming altar of Fedhas.
 12912 | D:9      | Found a sparkling altar of Nemelex Xobeh.
 13217 | D:10     | Entered Level 10 of the Dungeon
 13217 | D:10     | Found Piumuoki's Antique Weapon Boutique.
 13254 | D:9      | Found a runed gate.
 13254 | D:9      | Found a runed gate.
 13859 | D:8      | Reached * piety under Sif Muna
 14097 | D:7      | Mangled by a death yak

Skill      XL: |  1  2  3  4  5  6  7  8  9 |
---------------+----------------------------+-----
Conjurations   | 5 7 9 10 | 10.9
Spellcasting   | 3 |  3.4
Hexes          | 1 3 |  3.1
Fighting       | 3 6 |  6.7
Dodging        | 3 5 |  5.0
Evocations     | 3 5 |  5.0
Translocations | 3 |  3.2
Stealth        | |  1.7

Action                   |  1- 3 |  4- 6 |  7- 9 | 10-12 || total
-------------------------+-------+-------+-------+-------++-------
Melee: Unarmed           |     4 |       |       |       ||     4
       Dagger            |    31 |    10 |       |       ||    41
       Tailslap          |     4 |     4 |    26 |     2 ||    36
       Short sword       |       |    27 |       |       ||    27
       Mace              |       |       |   160 |       ||   160
       Whip              |       |       |    29 |    16 ||    45
Throw: Stone             |     2 |       |     2 |       ||     4
 Cast: Magic Dart        |    68 |   136 |   499 |    71 ||   774
       Dazzling Spray    |     1 |       |    33 |     4 ||    38
       Iskenderun's Myst |       |       |    13 |     6 ||    19
Evoke: Wand              |       |       |    12 |     2 ||    14
       Lightning rod     |       |       |       |     1 ||     1
  Use: Scroll            |       |       |    14 |       ||    14
 Stab: Invisible         |       |       |     1 |       ||     1
  Eat: Chunk             |     2 |    10 |    21 |     5 ||    38
       Ration            |       |       |     3 |       ||     3
Armor: Skin              |     9 |    19 |   144 |    28 ||   200
Dodge: Dodged            |    27 |    97 |   375 |    63 ||   562
